 Dungeon Crawl Stone Soup version 0.26-a0-639-g72c4674 (webtiles) character file.

Game seed: 10756685726042651370

189 B1Gdaddy5 the Vexing (level 5, -1/41 HPs)
             Began as a Gnoll Arcane Marksman on Sept 21, 2020.
             Slain by a worker ant (4 damage)
             ... on level 4 of the Dungeon.
             The game lasted 00:20:32 (3079 turns).

B1Gdaddy5 the Vexing (Gnoll Arcane Marksman)        Turns: 3079, Time: 00:20:33

Health: -1/41      AC:  5    Str: 10 (12) XL:     5   Next: 68%
Magic:  9/9        EV: 14    Int: 14 (17) God:
Gold:   186        SH:  0    Dex: 14 (15) Spells: 7/10 levels left

rFire    . . .     SeeInvis .   d - +2 short sword (venom)
rCold    . . .     Faith    .   (no shield)
rNeg     . . .     Spirit   .   j - +0 leather armour
rPois    +         Reflect  .   (no helmet)
rElec    .         Harm     .   l - +0 cloak
rCorr    .         Rampage  .   s - +0 pair of gloves
MR       .....                  (no boots)
Stlth    ++........             (no amulet)
HPRegen  0.13/turn              f - ring of poison resistance
MPRegen  0.11/turn              (no ring)

@: flying
A: distributed training, fangs 1, strong nose
a: no special abilities


You were on level 4 of the Dungeon.
You visited 1 branch of the dungeon, and saw 4 of its levels.

You collected 186 gold pieces.

Inventory:

Hand Weapons
 a - a +0 shortbow
 d - a +2 short sword of venom (weapon)
Missiles
 m - 27 arrows
Armour
 e - a +0 robe
 j - a +0 leather armour (worn)
 l - a +0 cloak (worn)
 o - a +0 kite shield
 s - a +0 pair of gloves (worn)
Magical Staves
 u - an uncursed staff of poison
Jewellery
 f - a ring of poison resistance (left hand)
 p - an uncursed ring of protection from magic {unknown}
Wands
 v - a wand of acid (7)
Scrolls
 h - 3 scrolls of magic mapping {unknown}
 i - a scroll of immolation {unknown}
 k - 5 scrolls of identify {unknown}
 n - a scroll of fog {unknown}
 q - a scroll of enchant armour {unknown}
Potions
 b - a potion of degeneration
 c - a potion of curing
 g - a potion of lignification {unknown}
 r - a potion of berserk rage {unknown}
 t - a potion of flight


   Skills:
 + Level 3.0 Fighting
 + Level 1.6 Short Blades
 + Level 1.6 Long Blades
 + Level 1.6 Axes
 + Level 1.6 Maces & Flails
 + Level 1.6 Polearms
 + Level 1.6 Staves
 + Level 1.6 Slings
 + Level 4.8 Bows
 + Level 1.6 Crossbows
 + Level 1.6 Throwing
 + Level 1.6 Armour
 + Level 4.8 Dodging
 + Level 1.6 Stealth
 + Level 1.6 Shields
 + Level 1.6 Unarmed Combat
 + Level 3.2 Spellcasting
 + Level 1.2 Conjurations
 + Level 5.5 Hexes
 + Level 1.2 Summonings
 + Level 1.2 Necromancy
 + Level 1.2 Translocations
 + Level 1.2 Transmutations
 + Level 1.2 Fire Magic
 + Level 1.2 Ice Magic
 + Level 1.2 Air Magic
 + Level 1.2 Earth Magic
 + Level 1.2 Poison Magic
 + Level 1.8 Invocations
 + Level 1.6 Evocations


You had 7 spell levels left.
You knew the following spells:

 Your Spells              Type           Power        Failure   Level
a - Corona                Hex            ###....      2%          1
b - Slow                  Hex            ###.....     4%          2

Your spell library contained the following spells:

 Spells                   Type           Power        Failure   Level
 Inner Flame              Hex/Fire       ##......     21%         3
 Portal Projectile        Hex/Tloc       ##....       21%         3
 Cause Fear               Hex            ###.......   28%         4
 Leda's Liquefaction      Hex/Erth       ##........   56%         4


Dungeon Overview and Level Annotations

Branches:
Dungeon (4/15)
 Temple: D:4-7

Altars:


Innate Abilities, Weirdness & Mutations

Your experience applies equally to all skills.
You have very sharp teeth.
Your uncanny sense of smell can sniff out nearby items.


Message History

* * * LOW HITPOINT WARNING * * *
The adder bites you.
* * * LOW HITPOINT WARNING * * *
The frilled lizard bites you.
* * * LOW HITPOINT WARNING * * *
The ogre misses you.
It was a potion of flight.
You feel very buoyant.
You fly up into the air.
The worker ant closely misses you. The adder barely misses you.
The frilled lizard closely misses you.
The worker ant bites you but does no damage.
You hit the adder.
You kill the adder!
The ogre misses you.
The frilled lizard bites you but does no damage.
The worker ant completely misses you.
You see here 2 arrows.
You hit the worker ant but do no damage.
The worker ant is poisoned.
The worker ant bites you.
You die...

#### #.. ∆
#.# #@# ∆
#a#
####O#######
#).(l......#
#..........#
#..........#
#..........#
#..........#
#..........#


You could see an ogre, a worker ant (very poisoned) and a frilled lizard.

Vanquished Creatures
  A hound (D:4)
  An iguana (D:3)
  4 adders
  An ooze (D:2)
  2 worms (D:3)
  2 dart slugs (D:2)
  3 leopard geckos
  2 orcs (D:3)
  7 giant cockroaches
  10 goblins
  9 hobgoblins
  4 jackals (D:1)
  8 kobolds
  A ball python (D:1)
  11 bats
  4 frilled lizards
  A jackal skeleton (D:4)
  7 rats
78 creatures vanquished.

Notes
Turn   | Place    | Note
-------+----------+-------------------------------------------
     0 | D:1      | B1Gdaddy5 the Gnoll Arcane Marksman began the quest for the
                  | Orb.
     0 | D:1      | Reached XP level 1. HP: 17/17 MP: 4/4
   150 | D:1      | Reached XP level 2. HP: 18/23 MP: 0/5
   598 | D:1      | Reached XP level 3. HP: 26/28 MP: 5/7
   893 | D:1      | Reached skill level 1 in Invocations
  1056 | D:1      | Learned a level 2 spell: Slow
  1093 | D:2      | Reached skill level 1 in Short Blades
  1093 | D:2      | Reached skill level 1 in Long Blades
  1093 | D:2      | Reached skill level 1 in Axes
  1093 | D:2      | Reached skill level 1 in Maces & Flails
  1093 | D:2      | Reached skill level 1 in Polearms
  1093 | D:2      | Reached skill level 1 in Staves
  1093 | D:2      | Reached skill level 1 in Slings
  1093 | D:2      | Reached skill level 1 in Crossbows
  1093 | D:2      | Reached skill level 1 in Throwing
  1093 | D:2      | Reached skill level 1 in Armour
  1093 | D:2      | Reached skill level 1 in Stealth
  1093 | D:2      | Reached skill level 1 in Shields
  1093 | D:2      | Reached skill level 1 in Unarmed Combat
  1093 | D:2      | Reached skill level 1 in Evocations
  1299 | D:2      | Reached XP level 4. HP: 34/34 MP: 6/8
  2227 | D:3      | Reached skill level 1 in Conjurations
  2227 | D:3      | Reached skill level 1 in Summonings
  2227 | D:3      | Reached skill level 1 in Necromancy
  2227 | D:3      | Reached skill level 1 in Translocations
  2227 | D:3      | Reached skill level 1 in Transmutations
  2227 | D:3      | Reached skill level 1 in Fire Magic
  2227 | D:3      | Reached skill level 1 in Ice Magic
  2227 | D:3      | Reached skill level 1 in Air Magic
  2227 | D:3      | Reached skill level 1 in Earth Magic
  2227 | D:3      | Reached skill level 1 in Poison Magic
  2524 | D:3      | Reached XP level 5. HP: 33/40 MP: 9/9
  3044 | D:4      | Noticed an ogre
  3074 | D:4      | HP: 2/41 [frilled lizard (1)]
  3079 | D:4      | Slain by a worker ant

Illustrated notes

Levels and vault maps discovered:
D:1:      lemuel_arrival_muddy, layout_basic
D:2:      layout_loops_ring
D:3:      layout_loops_cross, grunt_decor_cap
D:4:      layout_basic, kennysheep_mini, cheibrodos_sewer_entry_sluice,
          chequers_mini_garden, uniq_menkaure

Skill      XL: |  1  2  3  4  5 |
---------------+----------------+-----
Invocations    | 1 |  1.8
Short Blades   | 1 |  1.6
Long Blades    | 1 |  1.6
Axes           | 1 |  1.6
Maces & Flails | 1 |  1.6
Polearms       | 1 |  1.6
Staves         | 1 |  1.6
Slings         | 1 |  1.6
Crossbows      | 1 |  1.6
Throwing       | 1 |  1.6
Armour         | 1 |  1.6
Stealth        | 1 |  1.6
Shields        | 1 |  1.6
Unarmed Combat | 1 |  1.6
Evocations     | 1 |  1.6
Spellcasting   | 3 |  3.2
Conjurations   | 1 |  1.2
Summonings     | 1 |  1.2
Necromancy     | 1 |  1.2
Translocations | 1 |  1.2
Transmutations | 1 |  1.2
Fire Magic     | 1 |  1.2
Ice Magic      | 1 |  1.2
Air Magic      | 1 |  1.2
Earth Magic    | 1 |  1.2
Poison Magic   | 1 |  1.2
Fighting       | 3 |  3.0
Bows           | |  4.8
Dodging        | |  4.8
Hexes          | |  5.5

Action                   |  1- 3 |  4- 6 || total
-------------------------+-------+-------++-------
Melee: Short sword       |       |     7 ||     7
       Bite              |       |     1 ||     1
 Fire: Shortbow          |    69 |   105 ||   174
 Cast: Corona            |    39 |    47 ||    86
       Slow              |     3 |       ||     3
  Use: Potion            |       |     3 ||     3
Armor: Robe              |     5 |       ||     5
       Leather armour    |    11 |    22 ||    33
Dodge: Dodged            |    43 |    77 ||   120

Table legend: (Time is in decaauts)
 A = Elapsed time spent in this place.
 B = Non-inter-level travel time spent in this place.
 C = Inter-level travel time spent in this place.
 D = Time resting spent in this place.
 E = Time spent auto-exploring this place.
 F = Levels seen in this place.
 G = Mean time per level.
                   A        B        C        D        E       F      G
               +--------+--------+--------+--------+--------+-----+--------+
         Total |   3091 |   3020 |     71 |     56 |   2199 |   4 |  772.8 |
       Dungeon |   3091 |   3020 |     71 |     56 |   2199 |   4 |  772.8 |
               +--------+--------+--------+--------+--------+-----+--------+

Top non-repeatable levels by time:
     D:1: 1083 daAuts
     D:3: 1008 daAuts
     D:2: 903 daAuts
     D:4: 96 daAuts
